 Dungeon Crawl Stone Soup version 0.29.1-15-g9cfb28693d (webtiles) character file.

Game seed: 15815430232158058128

90 QwertyIsDirtey the Trooper (level 4, 0/41 HPs)
             Began as a Minotaur Berserker on Mar 24, 2023.
             Was a Believer of Trog.
             Slain by a goblin
             ... wielding a +0 dagger
             ... led by Robin
              (3 damage)
             ... on level 3 of the Dungeon.
             The game lasted 00:04:37 (1197 turns).

QwertyIsDirtey the Trooper (Minotaur Berserker)     Turns: 1197, Time: 00:04:37

Health: 0/41       AC:  9    Str: 24    XL:     4   Next: 32%
Magic:  3/3        EV:  9    Int:  4    God:    Trog [**....]
Gold:   36         SH:  0    Dex:  9    Spells: 3/3 levels left

rFire   . . .      SeeInvis .   a - +0 falchion
rCold   . . .      Faith    .   (no shield)
rNeg    . . .      Spirit   .   l - +0 chain mail
rPois   .          Reflect  .   (helmet restricted)
rElec   .          Harm     .   (no cloak)
rCorr   .          Rampage  .   (no gloves)
Will    .....                   (no boots)
Stlth   ..........              (no amulet)
HPRegen 0.13/turn               (no ring)
MPRegen 0.08/turn               (no ring)

@: no status effects
A: horns 2, retaliatory headbutt
a: Renounce Religion, Berserk, Trog's Hand


You were on level 3 of the Dungeon.
You worshipped Trog.
Trog was pleased with you.
You visited 1 branch of the dungeon, and saw 3 of its levels.

You collected 36 gold pieces.

Inventory:

Hand Weapons
 a - a +0 falchion (weapon)
Armour
 b - a +0 animal skin
 k - a +0 ring mail
 l - a +0 chain mail (worn)
Scrolls
 d - a scroll of teleportation {unknown}
 g - a scroll of fear {unknown}
 j - a scroll of vulnerability {unknown}
Potions
 c - a potion of heal wounds {unknown}
 e - a potion of degeneration {unknown}
 f - 3 potions of attraction {unknown}
 h - a potion of might {unknown}
 i - a potion of curing {unknown}


   Skills:
 + Level 4.6 Fighting
 + Level 4.5 Long Blades
 + Level 2.7 Armour
 + Level 3.3 Dodging
 + Level 0.1 Stealth


You had 3 spell levels left.
You didn't know any spells.
Your spell library was empty.

Dungeon Overview and Level Annotations

Branches:
Dungeon (3/15)

Altars:

Annotations:
D:3 Robin


Innate Abilities, Weirdness & Mutations

You have a pair of horns on your head.
You reflexively headbutt those who attack you in melee.


Message History

The goblin barely misses you. The goblin closely misses you.
Unknown command.
The goblin no longer looks unusually strong.
The goblin hits you but does no damage. Robin throws the goblin at you!
The goblin misses you. You furiously retaliate!
You headbutt the goblin!
You kill the goblin!
Trog accepts your kill.
Unknown command.
Unknown command.
Unknown command.
You hit the goblin.
You kill the goblin!
Trog accepts your kill. Robin throws the goblin at you!
The goblin hits you but does no damage. The goblin barely misses you.
Unknown command.
Unknown command.
Robin hits you with a +0 spear.
* * * LOW HITPOINT WARNING * * *
The goblin barely misses you. The goblin hits you but does no damage.
Things that are here:
a +0 dagger; a goblin corpse Robin hits you but does no damage.
The goblin unwields a +0 dagger.
The goblin wields a +0 sling.
The goblin shoots a sling bullet.
The sling bullet hits you.
* * * LOW HITPOINT WARNING * * *
The goblin barely misses you.
There is a large open door here.
You see here a +0 dagger.
Unknown command.
Robin barely misses you.
Things that are here:
a +0 club; a +0 club; a +0 sling You barely miss the goblin.
Robin barely misses you. The goblin hits you but does no damage.
Unknown command.
You barely miss the goblin. Robin barely misses you.
The goblin closely misses you.
The goblin unwields a +0 sling.
The goblin wields a +0 dagger.
The goblin hits you with a +0 dagger.
You die...

#.# #. ### ### #.# #.
.# #.. ..# #.#
#.##.####.8 8.# #.#
..#.#..'.. ..+ #.#
#.#.#..'..##..+ #.#
#.#....#.8.)8.#
##.####...# #.g))..#
<...)....#######gg###
##.####.........@)#
#.# #..#####..###
#.................
#.#######+#######...
#.# ## ..# ..#


You could see Robin and 2 goblins.

Vanquished Creatures
  Terence (D:2)
  An adder (D:2)
  A worm (D:2)
  A dart slug (D:2)
  3 ball pythons
  3 endoplasms (D:2)
  2 giant cockroaches (D:3)
  13 goblins
  4 hobgoblins
  4 jackals (D:2)
  A quokka (D:2)
  A bat (D:1)
  4 frilled lizards
  2 kobolds (D:2)
  3 rats
44 creatures vanquished.

Vanquished Creatures (others)
  7 plants (D:2)
7 creatures vanquished.

Grand Total: 51 creatures vanquished

Notes
Turn   | Place    | Note
-------+----------+-------------------------------------------
     0 | D:1      | QwertyIsDirtey the Minotaur Berserker began the quest for
                  | the Orb.
     0 | D:1      | Reached XP level 1. HP: 19/19 MP: 0/0
   323 | D:1      | Found a faded altar of an unknown god.
   429 | D:1      | You fall into a shaft and drop 1 floor!
   472 | D:2      | Reached XP level 2. HP: 15/27 MP: 1/1
   662 | D:2      | Noticed Terence
   668 | D:2      | Killed Terence
   669 | D:2      | Reached XP level 3. HP: 26/34 MP: 2/2
   774 | D:2      | Reached ** piety under Trog
   848 | D:2      | Reached XP level 4. HP: 11/41 MP: 3/3
  1174 | D:3      | Noticed Robin
  1194 | D:3      | HP: 2/41 [goblin/sling bullet[Robin] (2)]
  1197 | D:3      | Slain by a goblin

Illustrated notes

Levels and vault maps discovered:
D:1:      nagdon_arrival_double_spiral, layout_loops_ring,
          ebering_ecumenical_altar_mist
D:2:      layout_rooms, serial_bayou, serial_bayou_crossing,
          serial_bayou_pond_c, serial_bayou_ford_a, serial_bayou_lagoon_b,
          minmay_ruptured, uniq_terence, uniq_crazy_yiuf_cottage
D:3:      layout_loops_ring, nicolae_dithmenos_the_darkroom, zin_statuary,
          minmay_door_square, hangedman_decor_riveting,
          kennysheep_generic_room_15, uniq_natasha, uniq_sigmund, uniq_robin

Skill      XL: |  1  2 |
---------------+-------+-----
Fighting       | 4 |  4.6
Long Blades    | 4 |  4.5
Dodging        | 3 |  3.3
Armour         | |  2.7
Stealth        | |  0.1

Action                   |  1- 3 |  4- 6 || total
-------------------------+-------+-------++-------
Melee: Falchion          |    51 |    41 ||    92
       Headbutt          |    10 |     5 ||    15
       Punch             |       |     1 ||     1
Armor: Animal skin       |    11 |     6 ||    17
       Chain mail        |       |    43 ||    43
Dodge: Dodged            |    75 |    38 ||   113
